 Dungeon Crawl Stone Soup version 0.23.1 (webtiles) character file.

Game seed: 12737106635933258936

92 Lanoc the Skirmisher (level 4, -5/41 HPs)
             Began as a Minotaur Abyssal Knight on Mar 2, 2019.
             Was a Believer of Lugonu.
             Slain by Grinder (6 damage)
             ... while paralysed by Grinder
             ... on level 3 of the Dungeon.
             The game lasted 00:02:07 (1339 turns).

Lanoc the Skirmisher (Minotaur Abyssal Knight)      Turns: 1339, Time: 00:02:09

Health: -5/41      AC:  3    Str: 18    XL:     4   Next: 35%
Magic:  4/4        EV:  2    Int:  9    God:    Lugonu [**....]
Gold:   116        SH:  0    Dex:  9    Spells: 3/3 levels left

rFire    . . .     SeeInvis .   a - +1 spear
rCold    . . .     Gourm    .   (no shield)
rNeg     . . .     Faith    .   b - +0 leather armour
rPois    .         Spirit   .   (helmet restricted)
rElec    .         Reflect  .   (no cloak)
rCorr    .         Harm     .   (no gloves)
MR       .....                  (no boots)
Stlth    +.........             j - amulet of rage
HPRegen  0.13/turn              (no ring)
MPRegen  0.09/turn              (no ring)

@: paralysed
A: retaliatory headbutt, horns 2
a: Depart the Abyss, Bend Space, Renounce Religion, Evoke Berserk Rage


You were on level 3 of the Dungeon.
You worshipped Lugonu.
Lugonu was pleased with you.
You were not hungry.

You visited 1 branch of the dungeon, and saw 3 of its levels.
You visited the Abyss 1 time.

You collected 116 gold pieces.

Inventory:

Hand Weapons
 a - a +1 spear (weapon)
Armour
 b - a +0 leather armour (worn)
Jewellery
 j - an amulet of rage (around neck)
Scrolls
 d - 2 scrolls of identify {unknown}
 f - a scroll of immolation {unknown}
 i - 2 scrolls of teleportation {unknown}
 k - a scroll of random uselessness {unknown}
Potions
 e - a potion of heal wounds {unknown}
 g - a potion of curing {unknown}
 h - a potion of magic {unknown}
Comestibles
 c - 2 rations


   Skills:
 + Level 4.3 Fighting
 * Level 3.7 Polearms
 + Level 3.0 Armour
 + Level 2.1 Dodging
 + Level 2.4 Invocations


You had 3 spell levels left.
You didn't know any spells.
Your spell library was empty.

Dungeon Overview and Level Annotations

Branches:
Dungeon (3/15)

Altars:
Dithmenos
Kikubaaqudgha

Annotations:
D:3 Grinder


Innate Abilities, Weirdness & Mutations

You reflexively headbutt those who attack you in melee.
You have a pair of horns on your head.


Message History

You hit Grinder.
Grinder is moderately wounded.
Grinder gestures at you.
You barely resist. You hit Grinder. Your headbutt misses Grinder.
Grinder is moderately wounded.
Grinder gestures at you.
You suddenly lose the ability to move!
Grinder hits you.
You writhe in agony.
Grinder gestures at you.
You shrug off the repeated paralysis!
Grinder hits you.
You writhe in agony.
* * * LOW HITPOINT WARNING * * *
Grinder gestures at you. Pain shoots through your body!
* * * LOW HITPOINT WARNING * * *
Grinder hits you.
* * * LOW HITPOINT WARNING * * *
Grinder hits you.
You die...

.####.####.### #. #.# #.#
.####......... .%##.# #.# #.#
..<...######## #.##.# ##.# ##.#
.####.####### #.##.###...####...
.####.......# ##.##.....#......#)
......####...##......##...##....)
.................#[..#.# #.#.##..
##########.. #...#...# #.......
#@#...#.###..≈≈≈..
#5##.###....≈≈8≈≈.
..........######## ############


You could see Grinder.

Vanquished Creatures
  4 adders
  An ooze (D:3)
  A worm (D:2)
  2 leopard geckos (D:1)
  A ball python (D:1)
  7 bats
  A giant cockroach (D:3)
  7 goblins
  8 hobgoblins
  3 kobolds
  4 frilled lizards
  5 rats
44 creatures vanquished.

Notes
Turn   | Place    | Note
-------+----------+-------------------------------------------
     0 | Abyss:1  | Lanoc the Minotaur Abyssal Knight began the quest for the
                  | Orb.
     0 | Abyss:1  | Reached XP level 1. HP: 19/19 MP: 1/1
    14 | Abyss:1  | Found a corrupted altar of Lugonu.
    23 | Abyss:1  | Found a corrupted altar of Lugonu.
    41 | Abyss:1  | Noticed a large abomination
    43 | D:1      | Escaped the Abyss
    67 | D:1      | Reached * piety under Lugonu
   102 | D:1      | Reached XP level 2. HP: 27/27 MP: 2/2
   294 | D:2      | Reached skill level 4 in Fighting
   294 | D:2      | Reached XP level 3. HP: 15/33 MP: 3/3
   984 | D:3      | Found an ancient bone altar of Kikubaaqudgha.
  1001 | D:3      | Reached XP level 4. HP: 32/40 MP: 4/4
  1150 | D:3      | Found a shadowy altar of Dithmenos.
  1179 | D:3      | Reached ** piety under Lugonu
  1326 | D:3      | Noticed Grinder
  1333 | D:3      | Paralysed by Grinder for 7 turns
  1338 | D:3      | HP: 1/41 [Grinder (4)]
  1339 | D:3      | Slain by Grinder

Skill      XL: |  1  2  3  4 |
---------------+-------------+-----
Invocations    | 2 |  2.4
Polearms       | 3 |  3.7
Fighting       | 4 |  4.3
Dodging        | 2 |  2.1
Armour         | 3 |  3.0

Action                   |  1- 3 |  4- 6 || total
-------------------------+-------+-------++-------
Melee: Spear             |    82 |    42 ||   124
       Headbutt          |    11 |     3 ||    14
Invok: Depart the Abyss  |     1 |       ||     1
  Eat: Chunk             |       |     1 ||     1
Armor: Leather armour    |    14 |     3 ||    17
Dodge: Dodged            |    30 |     5 ||    35
